 Dungeon Crawl Stone Soup version 0.24-a0-411-g4df2b1290f (webtiles) character file.

Game seed: 849677311472497009

54490 HAL9000 the Slicer (level 14, -13/72 HPs)
             Began as a Vine Stalker Assassin on June 6, 2019.
             Was a High Priest of Uskayaw.
             Mangled by an orc warrior
             ... wielding a +0 short sword
             ... led by an orc knight
              (18 damage)
             ... on level 1 of the Orcish Mines.
             The game lasted 00:51:54 (19987 turns).

HAL9000 the Slicer (Vine Stalker Assassin)         Turns: 19987, Time: 00:51:54

Health: -13/72     AC:  9    Str: 26    XL:     14   Next: 73%
Magic:  0/27       EV: 17    Int: 12    God:    Uskayaw [*****.]
Gold:   1886       SH:  5    Dex: 14    Spells: 26/29 levels left

rFire    . . .     SeeInvis +   h - +2 rapier (drain)
rCold    . . .     Gourm    .   R - +0 buckler
rNeg     . . .     Faith    +   K - +1 leather armour of Music {+Inv Str+10 Dex-4 SInv}
rPois    .         Spirit   +   t - +0 helmet
rElec    .         Reflect  .   c - +0 cloak
rCorr    .         Harm     .   D - +0 pair of gloves (curse)
MR       +....                  (no boots)
Stlth    ++++......             N - amulet of faith
HPRegen  1.02/turn              T - +3 ring of evasion
MPRegen  0.20/turn              m - +3 ring of evasion

@: about to teleport
A: fangs 3, regeneration 2, magic shield, antimagic bite, no potion heal 3, rot
immunity
a: Stomp, Line Pass, Grand Finale, Renounce Religion, Evoke Invisibility


You were on level 1 of the Orcish Mines.
You worshipped Uskayaw.
Uskayaw was aware of your devotion.
You were hungry.

You visited 3 branches of the dungeon, and saw 22 of its levels.
You also visited: Ossuary.

You collected 1886 gold pieces.

Inventory:

Hand Weapons
 h - a +2 rapier of draining (weapon)
 s - a +3 dagger of electrocution
 J - a +4 scimitar of flaming
 U - a +2 rapier of protection
Missiles
 d - 49 poisoned darts (quivered)
 e - 2 curare-tipped darts
 n - 16 boomerangs
 u - a boomerang of dispersal
Armour
 c - a +0 cloak (worn)
 t - a +0 helmet (worn)
 D - a cursed +0 pair of gloves (worn)
 K - the +1 leather armour of Music (worn) {+Inv Str+10 Dex-4 SInv}
   (You found it on level 9 of the Dungeon)

   It affects your strength (+10).
   It affects your dexterity (-4).
   It lets you see invisible.
   It lets you turn invisible.
 R - a +0 buckler (worn)
Jewellery
 m - a +3 ring of evasion (right hand)
 I - a +5 ring of strength
 N - an amulet of faith (around neck)
 T - a +3 ring of evasion (left hand)
 V - an uncursed ring of protection from fire
 W - an uncursed ring of ice {unknown}
Wands
 g - a wand of polymorph (8)
 x - a wand of random effects (62)
 y - a wand of iceblast (13)
 F - a wand of enslavement (8)
 H - a wand of flame (67)
 L - a wand of clouds (4)
 P - a wand of scattershot (7)
 Q - a wand of acid (17)
Scrolls
 j - 7 scrolls of remove curse
 k - 2 scrolls of fear
 l - 4 scrolls of teleportation
 o - 2 scrolls of magic mapping
 r - a scroll of vulnerability {unknown}
 w - 2 scrolls of enchant armour {unknown}
 G - 3 scrolls of fog
 M - a scroll of holy word
 O - a scroll of blinking
 S - a scroll of silence
 X - a scroll of identify
Potions
 a - 5 potions of haste
 b - 5 potions of magic
 i - 4 potions of might
 p - 6 potions of curing
 q - a potion of resistance
 v - 6 potions of brilliance
 z - 4 potions of agility
 A - 2 potions of mutation
 B - a potion of flight
 C - a potion of cancellation
 E - 2 potions of ambrosia
Comestibles
 f - 34 rations


   Skills:
 - Level 7.0 Fighting
 + Level 12.1 Short Blades
 - Level 1.7 Throwing
 - Level 8.2 Armour
 - Level 0.7 Dodging
 - Level 10.5 Stealth
 - Level 5.4 Shields
 - Level 8.0 Spellcasting
 - Level 4.0 Conjurations
 - Level 8.3 Air Magic
 - Level 10.0 Invocations


You had 26 spell levels left.
You knew the following spells:

 Your Spells              Type           Power        Failure   Level  Hunger
a - Mephitic Cloud        Conj/Pois/Air  ##......     9%          3    ##.....

Your spell library contained the following spells:

 Spells                   Type           Power        Failure   Level  Hunger
 Magic Dart               Conj           ##..         3%          1    None
 Poisonous Vapours        Pois/Air       ##....       4%          2    #......
 Sting                    Conj/Pois      #...         7%          1    None
 Freeze                   Ice            #...         16%         1    None
 Conjure Flame            Conj/Fire      #.......     22%         3    ##.....
 Blink                    Tloc           N/A          24%         2    #......
 Call Imp                 Summ           #.......     24%         2    #......
 Slow                     Hex            #.......     24%         2    #......
 Ignite Poison            Fire/Tmut/Pois #.......     43%         3    ##.....
 Olgreb's Toxic Radiance  Pois           #.......     85%         4    ####...
 Iskenderun's Battlesphe  Conj/Chrm      #.......     89%         5    ######.
 Venom Bolt               Conj/Pois      #.........   89%         5    ######.
 Bolt of Magma            Conj/Fire/Erth #.........   95%         5    ######.
 Summon Mana Viper        Hex/Summ       #.......     99%         5    ######.
 Iron Shot                Conj/Erth      #.........   100%        6    #######
 Malign Gateway           Summ/Tloc      #.........   100%        7    #######
 Orb of Destruction       Conj           ##........   100%        7    #######
 Spellforged Servitor     Conj/Summ      #.........   100%        7    #######


Dungeon Overview and Level Annotations

Branches:
Dungeon (14/15)            Temple (0/1) D:5            Lair (6/6) D:9
  Swamp (0/4) Lair:4       Spider (0/4) Lair:4        Slime (0/5) Lair:6
    Orc (2/2) D:11
    Elf: Orc:2       Vaults: D:13-14

Altars:
Ashenzari
Cheibriados
Dithmenos
Gozag
Hepliaklqana
Makhleb
Nemelex Xobeh
Okawaru
Sif Muna
Trog
Uskayaw
Wu Jian
Xom
Yredelemnul
Zin
Jiyva

Shops:
D:6 *   D:13 *   Orc:2 =%

Annotations:
D:8 3 runed translucent doors, P0WERM0DE's ghost, novice MiFi
D:14 3 runed translucent doors, alpinistek's ghost, novice NaIE
Lair:3 exclusion: 3 oklob plants
Lair:5 exclusion: oklob plant


Innate Abilities, Weirdness & Mutations

You have razor-sharp teeth.
You heal very quickly.
When hurt, damage is shared between your health and your magic reserves.
Your bite disrupts and absorbs the magic of your enemies.
Potions cannot restore your health.
You are immune to rotting.


Message History

Unknown command.
You puncture the orc high priest! You drain the orc high priest!
The orc high priest is severely wounded.
The warg bites you. The sixfirhy hits you. The sixfirhy shocks you!
* * * LOW HITPOINT WARNING * * *
Unknown command.
You barely miss the orc high priest. You bite the orc high priest.
You drain its power.
You feel invigorated.
The orc high priest is almost dead.
The sixfirhy hits you.
* * * LOW HITPOINT WARNING * * *
The sixfirhy shocks you!
* * * LOW HITPOINT WARNING * * *
The warg barely misses you. The sixfirhy hits you.
* * * LOW HITPOINT WARNING * * *
The sixfirhy shocks you!
* * * LOW HITPOINT WARNING * * *
The orc priest barely misses you.
The orc warrior hits you with a +0 short sword!!
You die...

.$ #.##.##... .
.# ..$....#..
.. .##......o#
...#.#......#
.....$.o..o.##.
.......oo......
...$.43o...o.#
#o.o@o...#
#..oooh......
#$..oo.........
.....o.....$...
.T..o..#....^.#
....... ##.#..#
##..... ##$..
#..... .#


You could see an orc knight, an orc high priest, a rust devil, a troll, a
sixfirhy, a warg, 5 orc warriors, an orc priest, an orc wizard (invisible) and 8
orcs.

Vanquished Creatures
  Kirke (D:14)
  7 hydras
  2 centaur warriors (D:14)
  2 two-headed ogres
  Erica (D:11)
  An orc high priest (Orc:2)
  Nergalle (D:11)
  2 unseen horrors (D:11)
  A cyclops (D:11)
  3 ugly things (D:11)
  9 elephants
  6 black mambas
  13 spiny frogs
  4 komodo dragons
  A demonic crawler (Lair:4)
  A kobold demonologist (D:11)
  3 rime drakes
  6 polar bears
  3 trolls
  6 hornets
  Grinder (D:6)
  16 blink frogs
  13 hippogriffs
  11 spriggans (Lair:6)
  A shadow (D:14)
  A wraith (D:11)
  Sigmund (D:2)
  15 yaks
  4 wyverns
  5 basilisks
  Menkaure (D:4)
  2 wargs (Orc:2)
  5 insubstantial wisps (Lair:4)
  13 water moccasins
  A soldier ant (D:11)
  7 porcupines
  Duvessa (D:6)
  Edmund (D:6)
  10 orc warriors
  2 sky beasts
  6 ice beasts
  7 black bears
  A black bear (shapeshifter) (D:14)
  2 phantoms
  2 necrophages (D:11)
  12 centaurs
  8 ogres
  4 boggarts (Lair:6)
  31 wolves
  6 crocodiles
  3 big kobolds (D:11)
  9 bullfrogs
  A wyvern zombie (D:14)
  Dowan (D:6)
  2 scorpions
  9 killer bees
  9 wights (D:10)
  5 howler monkeys
  2 electric eels (D:9)
  5 crimson imps
  3 centaur zombies
  3 quasits (D:11)
  A bullfrog zombie (D:7)
  5 jellies
  9 orc priests
  2 centaur skeletons
  5 hounds
  15 orc wizards
  Terence (D:2)
  Ijyb (D:4)
  7 worker ants
  A killer bee zombie (D:8)
  A hound zombie (D:6)
  A hound skeleton (D:4)
  8 mummies (Ossuary)
  A worker ant zombie (D:7)
  Robin (D:3)
  A howler monkey skeleton (D:11)
  14 adders
  3 shadow imps
  7 oozes
  An adder skeleton (D:5)
  5 worms
  2 dart slugs
  8 leopard geckos
  49 orcs
  2 ball pythons
  10 giant cockroaches
  16 goblins
  7 hobgoblins
  3 jackals (D:5)
  2 quokkas
  6 bats
  7 frilled lizards
  3 hobgoblin zombies (Ossuary)
  23 kobolds
  A kobold zombie (Ossuary)
  A leopard gecko skeleton (D:4)
  4 orc zombies (Ossuary)
  A quokka skeleton (D:6)
  12 rats
562 creatures vanquished.

Vanquished Creatures (others)
  A human (D:14)
  A porcupine (Lair:4)
  A bush (Lair:5)
  24 fungi
  12 plants
39 creatures vanquished.

Grand Total: 601 creatures vanquished

Notes
Turn   | Place    | Note
-------+----------+-------------------------------------------
     0 | D:1      | HAL9000 the Vine Stalker Assassin began the quest for the
                  | Orb.
     0 | D:1      | Reached XP level 1. HP: 11/11 MP: 2/2
     7 | D:1      | Reached skill level 2 in Short Blades
    41 | D:1      | Reached XP level 2. HP: 15/15 MP: 3/3
   285 | D:1      | Reached skill level 3 in Short Blades
   458 | D:1      | Reached XP level 3. HP: 18/18 MP: 4/4
  1621 | D:2      | Noticed Terence
  1647 | D:2      | Killed Terence
  1647 | D:2      | Reached skill level 4 in Short Blades
  1647 | D:2      | Gained mutation: Your natural rate of healing is unusually
                  | fast. [Vine Stalker growth]
  1647 | D:2      | Reached XP level 4. HP: 23/23 MP: 5/5
  1755 | D:2      | Noticed Sigmund
  1834 | D:2      | Killed Sigmund
  1834 | D:2      | Reached skill level 5 in Short Blades
  1834 | D:2      | Reached XP level 5. HP: 26/26 MP: 6/6
  1834 | D:2      | Reached XP level 6. HP: 30/30 MP: 7/7
  2074 | D:2      | Found a glowing silver altar of Zin.
  2336 | D:3      | Reached skill level 6 in Short Blades
  2374 | D:3      | Found a burning altar of Makhleb.
  2729 | D:3      | Noticed Robin
  2812 | D:3      | Killed Robin
  2815 | D:3      | Found a bloodstained altar of Trog.
  3102 | D:4      | Reached XP level 7. HP: 30/34 MP: 8/8
  3241 | D:4      | Reached skill level 7 in Short Blades
  3243 | D:4      | Noticed Ijyb
  3263 | D:4      | Killed Ijyb
  3327 | D:4      | Found a hazy altar of Hepliaklqana.
  3327 | D:4      | Found a shadowy altar of Dithmenos.
  3328 | D:4      | Found a hide-covered altar of Uskayaw.
  3350 | D:4      | Found a basalt altar of Yredelemnul.
  3363 | D:4      | Noticed Menkaure
  3380 | D:4      | Killed Menkaure
  3416 | D:4      | Became a worshipper of Uskayaw the Reveler
  3668 | D:4      | Reached * piety under Uskayaw
  3669 | D:4      | Reached skill level 8 in Short Blades
  3683 | D:5      | Entered Level 5 of the Dungeon
  3723 | D:4      | Gained mutation: You have razor-sharp teeth. [Vine Stalker
                  | growth]
  3723 | D:4      | Reached XP level 8. HP: 38/38 MP: 9/9
  3723 | D:4      | Reached ** piety under Uskayaw
  3814 | D:5      | Reached skill level 9 in Short Blades
  3817 | D:5      | Found a staircase to the Ecumenical Temple.
  3990 | D:5      | Found a sand-covered staircase.
  3996 | Ossuary  | Entered an ossuary
  4028 | Ossuary  | Reached *** piety under Uskayaw
  4373 | D:5      | Reached skill level 10 in Short Blades
  4469 | D:5      | Reached skill level 5 in Stealth
  4500 | D:5      | Reached XP level 9. HP: 42/42 MP: 10/10
  4613 | D:6      | Noticed Duvessa
  4613 | D:6      | Noticed Dowan
  4614 | D:6      | Killed Duvessa
  4632 | D:6      | Killed Dowan
  4688 | D:6      | Found Gozag's Platinum Reserve.
  4696 | D:6      | Found an opulent altar of Gozag.
  4739 | D:6      | Noticed Grinder
  4763 | D:6      | Killed Grinder
  4824 | D:6      | Found an iron altar of Okawaru.
  4908 | D:6      | Noticed Edmund
  4913 | D:6      | Found an ornate altar of the Wu Jian Council.
  4915 | D:6      | Killed Edmund
  5736 | D:7      | Found a shattered altar of Ashenzari.
  5823 | D:7      | Reached skill level 10 in Stealth
  5836 | D:7      | Reached **** piety under Uskayaw
  5912 | D:7      | Reached skill level 1 in Invocations
  5920 | D:7      | Identified the Collected Works on Virous Summoning
  6388 | D:8      | Reached XP level 10. HP: 46/46 MP: 14/14
  6465 | D:8      | Noticed a two-headed ogre
  6471 | D:8      | Killed a two-headed ogre
  6580 | D:8      | Found a runed translucent gate.
  6594 | D:8      | Found a runed translucent gate.
  6594 | D:8      | Found a runed translucent gate.
  7306 | D:8      | Noticed P0WERM0DE's ghost (novice MiFi)
  7426 | D:9      | Got a translucent leather armour
  7437 | D:9      | Identified the +1 leather armour of Music {+Inv Str+10
                  | Dex-4 SInv} (You found it on level 9 of the Dungeon)
  7542 | D:9      | Found a staircase to the Lair.
  7707 | D:9      | Reached skill level 1 in Armour
  7714 | D:9      | Found a snail-covered altar of Cheibriados.
  7763 | D:9      | Found a shimmering altar of Xom.
  7836 | D:9      | Found a deep blue altar of Sif Muna.
  7865 | D:9      | Identified Sif Muna's Incunabulum of Snow
  8273 | Lair:1   | Entered Level 1 of the Lair of Beasts
  8296 | Lair:1   | Found a sparkling altar of Nemelex Xobeh.
  8430 | Lair:1   | Noticed a spiny frog
  8437 | Lair:1   | Killed a spiny frog
  8512 | Lair:1   | Noticed a seven-headed hydra
  8519 | Lair:1   | Killed a seven-headed hydra
  8519 | Lair:1   | Reached skill level 5 in Armour
  8519 | Lair:1   | Reached XP level 11. HP: 50/50 MP: 17/17
  8750 | Lair:1   | You fall into a shaft and drop 1 floor!
  9055 | Lair:2   | Reached ***** piety under Uskayaw
 10735 | Lair:3   | Reached skill level 5 in Fighting
 10864 | Lair:2   | Gained mutation: You heal very quickly. [Vine Stalker
                  | growth]
 10864 | Lair:2   | Reached XP level 12. HP: 55/60 MP: 18/18
 11176 | Lair:3   | Reached skill level 1 in Spellcasting
 11357 | Lair:3   | Learned a level 3 spell: Mephitic Cloud
 11727 | Lair:3   | Reached skill level 1 in Air Magic
 11796 | Lair:3   | Noticed a four-headed hydra
 11803 | Lair:3   | Killed a four-headed hydra
 12084 | Lair:4   | Found a hole to the Spider Nest.
 12271 | Lair:4   | Reached skill level 5 in Spellcasting
 12514 | Lair:4   | Found a staircase to the Swamp.
 12539 | Lair:4   | Reached skill level 5 in Air Magic
 12794 | Lair:4   | Reached XP level 13. HP: 56/67 MP: 24/24
 12942 | Lair:4   | You fall into a shaft and drop 1 floor!
 13826 | Lair:5   | Reached skill level 1 in Conjurations
 14419 | Lair:6   | Entered Level 6 of the Lair of Beasts
 14419 | Lair:6   | Found a staircase to the Slime Pits.
 14423 | Lair:6   | Found a viscous altar of Jiyva.
 14905 | Lair:6   | Reached skill level 1 in Shields
 15033 | Lair:6   | Reached ****** piety under Uskayaw
 15473 | Lair:6   | Reached skill level 5 in Shields
 15541 | Lair:6   | Paralysed by a hornet for 1 turns
 15546 | Lair:6   | Paralysed by a hornet for 1 turns
 15767 | Lair:6   | Found a shimmering altar of Xom.
 16543 | D:10     | Entered Level 10 of the Dungeon
 16621 | D:10     | Identified a scroll of acquirement
 16655 | D:10     | Reached XP level 14. HP: 72/72 MP: 27/27
 17476 | D:11     | Reached skill level 10 in Invocations
 17560 | D:11     | Noticed Erica
 17580 | D:11     | Killed Erica
 17737 | D:11     | Found a staircase to the Orcish Mines.
 17862 | D:11     | Noticed Nergalle
 17870 | D:11     | Killed Nergalle
 17984 | D:11     | You fall into a shaft and drop 3 floors!
 18286 | D:14     | Found a runed translucent gate.
 18286 | D:14     | Found a runed translucent gate.
 18286 | D:14     | Found a runed translucent gate.
 18316 | D:14     | Noticed Kirke
 18322 | D:14     | Killed Kirke
 18322 | D:14     | Reached skill level 11 in Short Blades
 18353 | D:14     | Noticed alpinistek's ghost (novice NaIE)
 19019 | D:13     | Found Fibih's General Store.
 19701 | Orc:1    | Entered Level 1 of the Orcish Mines
 19887 | Orc:2    | Entered Level 2 of the Orcish Mines
 19890 | Orc:2    | Found Nungam's Food Boutique.
 19914 | Orc:2    | Found Puir Piq's Jewellery Shoppe.
 19917 | Orc:2    | Reached skill level 12 in Short Blades
 19987 | Orc:1    | Mangled by an orc warrior

Levels and vault maps discovered:
D:1:      erik_arrival_gehennom, layout_loops_ring
D:2:      layout_basic, zin_scriptorium, kennysheep_generic_room_9,
          uniq_sigmund, uniq_terence
D:3:      layout_basic, overflow_temple_1_default, trog_butcher_becter,
          uniq_robin
D:4:      layout_basic, kennysheep_little_box, gammafunk_temple_overflow_claw,
          uniq_ijyb, uniq_menkaure
D:5:      layout_basic, minmay_temple_entry_ruins, first_ration,
          lightli_ossuary_entry_decrepit_ruins
D:6:      layout_layer_cave, okawaru_metal_pillars_3,
          nicolae_gozag_zags_fifth_avenue, overflow_temple_1_default,
          uniq_duvessa, uniq_edmund, uniq_grinder
D:7:      layout_cave_pools, basic_altar, dk_noncrumbling_3
D:8:      layout_basic, gammafunk_ghost_spectres, hangedman_little_slice_of_home
D:9:      layout_basic, lemuel_crystal_altar, overflow_temple_1_default,
          led_sif_book
D:10:     layout_long_grid
D:11:     minmay_the_grid_3x3 [minmay_the_grid_diamond_grid,
          minmay_the_grid_spin_star, minmay_the_grid_slots,
          minmay_the_grid_tree, minmay_the_grid_rooms,
          minmay_the_grid_minigrid_small_alt, minmay_the_grid_all_tris,
          minmay_the_grid_mess, minmay_the_grid_prize_big_room],
          layout_loops_ring, uniq_erica, uniq_nergalle
D:12:     layout_cave_pools, serial_shops, nicolae_shop_behind_doors,
          enter_trove_0
D:13:     minmay_recursive_quarters, layout_basic,
          lightli_vaults_fourway_checkpoint, serial_shops, shop
D:14:     layout_roguey, skrybe_limestone_x, gammafunk_ghost_icy, uniq_kirke
Lair:1:   layout_regular_city, basic_altar, wad_woods_road_03,
          infiniplex_staircase_pool_2
Lair:2:   layout_layer_cave, patterned_corridor
Lair:3:   cheibrodos_lair_river_kwai, layout_regular_city, minmay_hedge_maze,
          minmay_lair_oklob_chamber
Lair:4:   layout_roguey, minmay_swamp_entry_wisps,
          nicolae_spider_entry_non_spiders, nzn_random_ring
Lair:5:   layout_regular_city, minivault_24, minmay_lair_oklob_items,
          grunt_megastairs_5, serial_bayou_shore_b
Lair:6:   minmay_lair_end_enchanted_forest, layout_regular_city, slime_altar_1,
          basic_altar
Orc:1:    layout_caves, ebering_ghost_xom, uniq_erolcha
Orc:2:    grunt_orc_gardens, layout_caves, grunt_orc_garden, grunt_orc_garden,
          grunt_orc_garden, grunt_orc_garden, serial_shops, nicolae_shop_trees

Skill      XL: |  1  2  3  4  5  6  7  8  9 10 11 12 13 14 |
---------------+-------------------------------------------+-----
Short Blades   | 2 3 4 5 6 8 10 12 | 12.1
Stealth        | 5 10 | 10.5
Invocations    | 4 7 8 10 | 10.0
Armour         | 5 8 |  8.2
Fighting       | 5 7 |  7.0
Spellcasting   | 7 8 |  8.0
Air Magic      | 5 8 |  8.3
Conjurations   | 4 |  4.0
Shields        | 5 |  5.4
Throwing       | |  1.7
Dodging        | |  0.7

Action                   |  1- 3 |  4- 6 |  7- 9 | 10-12 | 13-15 || total
-------------------------+-------+-------+-------+-------+-------++-------
Melee: Dagger            |   127 |   167 |   308 |   521 |   417 ||  1540
       Bite              |    35 |    45 |    98 |   195 |   290 ||   663
       Rapier            |       |       |       |       |   413 ||   413
Throw: Dart              |     7 |     2 |     1 |    18 |    10 ||    38
       Boomerang         |       |       |       |    11 |       ||    11
 Cast: Mephitic Cloud    |       |       |       |       |     2 ||     2
Invok: Line Pass         |       |       |       |     1 |     2 ||     3
       Stomp             |       |       |       |       |     1 ||     1
Evoke: Wand              |       |       |       |       |     6 ||     6
  Use: Potion            |       |     1 |       |     5 |       ||     6
       Scroll            |       |       |     8 |     8 |    16 ||    32
 Stab: Sleeping          |     8 |    10 |    11 |    22 |    25 ||    76
       Distracted        |       |       |     2 |       |     1 ||     3
       Paralysed         |       |       |     2 |    26 |    54 ||    82
       Confused          |       |       |       |     1 |     1 ||     2
  Eat: Chunk             |     2 |     5 |    10 |    17 |    20 ||    54
       Ration            |       |       |       |     1 |     1 ||     2
Armor: Robe              |    33 |    18 |       |       |       ||    51
       Leather armour    |       |    12 |    44 |    95 |   132 ||   283
Dodge: Dodged            |    49 |    54 |    78 |   244 |   435 ||   860
Block: Buckler           |       |       |       |       |   124 ||   124

Table legend:
 A = Non-vault XP
 B = Vault XP
 C = Vault XP percentage of total XP
 D = Non-vault monster count
 E = Vault monster count
 F = Vault count percentage of total count
                 A         B        C        D         E       F
            +---------+---------+-------+---------+---------+-------
      Total |   45915 |   31928 |  41.0 |     388 |     174 |  31.0
            +---------+---------+-------+---------+---------+-------
        D:1 |      54 |      19 |  26.0 |      29 |       5 |  14.7
        D:2 |      89 |     255 |  74.1 |      18 |       4 |  18.2
        D:3 |      87 |      43 |  33.1 |      28 |      15 |  34.9
        D:4 |     488 |     208 |  29.9 |      16 |       2 |  11.1
        D:5 |     997 |       0 |   0.0 |      21 |       0 |   0.0
        D:6 |     628 |     647 |  50.7 |      16 |       4 |  20.0
        D:7 |     840 |       0 |   0.0 |      16 |       0 |   0.0
        D:8 |    2022 |     165 |   7.5 |      17 |       8 |  32.0
        D:9 |     785 |      60 |   7.1 |      13 |       2 |  13.3
       D:10 |    3173 |       0 |   0.0 |      29 |       0 |   0.0
       D:11 |    2862 |    8731 |  75.3 |      32 |      32 |  50.0
       D:12 |      97 |       0 |   0.0 |       1 |       0 |   0.0
       D:13 |      33 |       0 |   0.0 |       1 |       0 |   0.0
       D:14 |    4597 |    2167 |  32.0 |      20 |       1 |   4.8
     Lair:1 |    3031 |       0 |   0.0 |      10 |       0 |   0.0
     Lair:2 |    3541 |     484 |  12.0 |      15 |       1 |   6.2
     Lair:3 |    6840 |    3179 |  31.7 |      22 |       8 |  26.7
     Lair:4 |    6921 |    4984 |  41.9 |      28 |      25 |  47.2
     Lair:5 |    2336 |     136 |   5.5 |       8 |       1 |  11.1
     Lair:6 |    5419 |    8963 |  62.3 |      15 |      44 |  74.6
      Orc:1 |     602 |       0 |   0.0 |      19 |       0 |   0.0
      Orc:2 |     473 |    1737 |  78.6 |      14 |       6 |  30.0
    Ossuary |       0 |     150 | 100.0 |       0 |      16 | 100.0
            +---------+---------+-------+---------+---------+-------
